[Event "Late-Titled-Tuesday-Blitz-June-18-2024"]
[Site "Chess.com"]
[Date "2024.06.18"]
[Round "11"]
[White "Msb2"]
[Black "artin10862"]
[Result "1-0"]
[WhiteElo "3080"]
[BlackElo "2937"]
[TimeControl "180+1"]
[EndTime "16:07:35 PDT"]
[Termination "Msb2 won on time"]

1. d4 Nf6 2. c4 e6 3. Nc3 d5 4. cxd5 exd5 5. Bg5 c6 6. e3 Qb6 7. Qd2 Ne4 8. Nxe4 dxe4 9. Ne2 Bf5 10. Nc3 Bd6 11. Be2 Nd7 12. Bh4 O-O 13. Bg3 Bxg3 14.
hxg3 Nf6 15. Rc1 Rad8 16. Na4 Qc7 17. Nc5 g6 18. b4 Qe7 19. a3 h5 20. Qb2 Nd5 21.
Na4 Qg5 22. Qd2 Rfe8 23. Nc3 Bg4 24. Nxd5 Rxd5 25. Bc4 Rf5 26. Bb3 a5 27. Rc5 axb4 28. Rxf5 Bxf5 29. Qxb4 Re7 30. Qd6 Kg7 31. O-O Qf6 32.
Qb8 Be6 33. Bxe6 Qxe6 34. Rb1 Qd7 35. a4 Qc7 36. Qa8 Rd7 37. a5 Rd5 38. a6 bxa6 39.
Qxa6 Ra5 40. Qc4 Qd7 41. Rc1 Ra3 42. Qc5 Ra6 43. Qe5+ Kg8 44. Rb1 Ra8 45. Qxe4 Re8 46.
Qf3 Re6 47. Rb8+ Kg7 48. Qf4 Qe7 49. Ra8 Qb4 50. Qb8 Qxb8 51. Rxb8 Rf6 52. Rc8 Rd6 53. Kf1 Kf6 54. Ke2 Kg5 55. f3 Re6 56. e4 f5 57.
e5 f4 58. gxf4+ Kxf4 59. Kf2 Kg5 60. Ke3 Kf5 61. Rf8+ Kg5 62. Ke4 Kh4 63. Rf6 1-0

[Event "Late-Titled-Tuesday-Blitz-June-18-2024"]
[Site "Chess.com"]
[Date "2024.06.18"]
[Round "11"]
[White "Mikayel99"]
[Black "Legit"]
[Result "1/2-1/2"]
[WhiteElo "2679"]
[BlackElo "2777"]
[TimeControl "180+1"]
[EndTime "16:07:35 PDT"]
[Termination "Game drawn - insufficient material"]

1. e4 c5 2. d4 cxd4 3. c3 Nf6 4. e5 Nd5 5. Nf3 d6 6. Bb5+ Bd7 7. Bc4 Nb6 8. Bb3 dxe5 9. Nxe5 e6 10. Qf3 Qf6 11.
Qxf6 gxf6 12. Nxd7 Kxd7 13. cxd4 Nc6 14. O-O Na5 15. Bd1 Rc8 16. Nc3 f5 17. Bf3 Bb4 18. d5 e5 19. Bh6 Nac4 20. a3 Bc5 21. Rab1 Bd4 22. Rfe1 Nxb2 23. Nb5 Nd3 24. Red1 Bxf2+ 25. Kf1 e4 26. Rxd3 Bc5 27. Rdb3 exf3 28. Rxf3 Nxd5 29. Rxf5 Ke6 30. Rf3 f6 31. a4 Rhe8 32. Rd1 a6 33. Nd4+ Bxd4 34. Rxd4 Rc2 35. Rb3 Re7 36. Re4+ Kf5 37.
Rxe7 Nxe7 38. Rxb7 Nd5 39. Ra7 Nb4 40. Bf8 Nd3 41. Rxa6 Rf2+ 42. Kg1 Ra2 43. h3 Ne1 44. g4+ Kf4 45. Rxf6+ Kg3 46. Bd6+ Kxh3 47. Rf4 Ra1 48. Rf1 Nf3+ 49. Kf2 Rxf1+ 50. Kxf1 Nd2+ 51. Ke2 Nc4 52. Bc7 Kxg4 53. Kd1 Nb2+ 54. Ke2 Nxa4 55. Kf2 Nc5 56. Kg2 Ne6 57. Bd6 h5 58. Bb8 Ng5 59.
Kh1 Kh3 60. Bc7 Ne4 61. Bb6 h4 62. Bd8 Ng3+ 63. Kg1 Kg4 64. Bxh4 1/2-1/2

[Event "Late-Titled-Tuesday-Blitz-June-18-2024"]
[Site "Chess.com"]
[Date "2024.06.18"]
[Round "11"]
[White "ChessSwole"]
[Black "ansko1999"]
[Result "1-0"]
[WhiteElo "2737"]
[BlackElo "2609"]
[TimeControl "180+1"]
[EndTime "16:07:36 PDT"]
[Termination "ChessSwole won on time"]

1. e4 c5 2. Nf3 Nf6 3. e5 Nd5 4. Nc3 e6 5. Ne4 Nc6 6. c4 f5 7.
cxd5 fxe4 8. dxc6 exf3 9. Qxf3 dxc6 10. Be2 Qd4 11. Qc3 g6 12. d3 Bg7 13. f4 Bd7 14.
Bd2 O-O-O 15. Qa5 Kb8 16. O-O-O b6 17. Qc3 Qd5 18. Bf3 Qxa2 19. Be3 Qa4 20. Qc4 Qxc4+ 21. dxc4 Bf8 22. h4 Be7 23. h5 Kc7 24. Be4 gxh5 25.
Rxh5 h6 26. Rdh1 Bf8 27. g4 Rg8 28. Rg1 Be8 29. Rh3 b5 30. f5 bxc4 31. f6 Rd4 32. Bxd4 cxd4 33. g5 hxg5 34. Rh7+ Kb6 35. f7 Bxf7 36.
Rxf7 d3 37. Rg3 Bg7 38. Bh7 Bxe5 39. Rg4 Rd8 40. Rxc4 Bf4+ 41. Kd1 Kb5 42. b3 c5 43. Re7 Rd6 44. Be4 a5 45. Rb7+ Ka6 46. Rxc5 d2 47. Rbb5 a4 48. Ra5+ Kb6 49. Rab5+ Ka6 50. bxa4 g4 51.
Rc6+ Rxc6 52. Bxc6 g3 53. Bg2 e5 54. Bf1 Ka7 55. a5 Ka6 56. Rxe5+ Ka7 57. Rf5 Be3 58. Rf7+ Kb8 59. a6 Ka8 60. Bg2+ Kb8 61. a7+ 1-0

[Event "Late-Titled-Tuesday-Blitz-June-18-2024"]
[Site "Chess.com"]
[Date "2024.06.18"]
[Round "11"]
[White "maurovargas01"]
[Black "olakenn"]
[Result "0-1"]
[WhiteElo "1930"]
[BlackElo "1873"]
[TimeControl "180+1"]
[EndTime "16:07:36 PDT"]
[Termination "olakenn won on time"]

1. e4 c6 2. Nc3 d5 3. d3 dxe4 4.
Nxe4 Bf5 5. Ng3 Bg6 6. f4 e6 7. Nf3 Nd7 8. d4 Bd6 9. c3 Qc7 10. Ne5 Nxe5 11. fxe5 Be7 12. Bd3 O-O-O 13. O-O c5 14.
Be3 c4 15. Be4 Nh6 16. Bf3 Nf5 17. Bf2 Nxg3 18. Bxg3 Bd3 19. Rf2 h5 20. Bf4 h4 21.
h3 g5 22. Be3 Bf5 23. Bg4 Bxg4 24. Qxg4 Rdf8 25. Raf1 Bd8 26. Bxg5 Rhg8 27. Qxe6+ fxe6 28. Rxf8 Rxg5 29. R1f7 Qc6 30. Rf2 Rf5 31. R8xf5 exf5 32. Rxf5 Qe4 33. Rf2 Bg5 34. Kf1 Qb1+ 35. Ke2 Qxb2+ 36. Kf3 Qxc3+ 37. Kg4 Be3 38. Rf8+ Kd7 39. Rf7+ Ke8 40. Rxb7 Qxd4+ 41. Kf5 Qd3+ 42. Ke6 Bb6 43. Rb8+ Bd8 44.
Rb7 Qg6+ 45. Kd5 Qxg2+ 46. Kxc4 Qxb7 47. a4 Qd7 48. a5 Bxa5 49. Kc5 Qxh3 50. e6 Qxe6 51.
Kb5 Qb6+ 52. Kc4 Be1 53. Kd5 a5 54. Kc4 a4 55. Kd5 a3 0-1

[Event "Late-Titled-Tuesday-Blitz-June-18-2024"]
[Site "Chess.com"]
[Date "2024.06.18"]
[Round "11"]
[White "Byniolus"]
[Black "Crazy_girl99"]
[Result "1-0"]
[WhiteElo "2774"]
[BlackElo "2652"]
[TimeControl "180+1"]
[EndTime "16:07:39 PDT"]
[Termination "Byniolus won by checkmate"]

1. d4 Nf6 2. Nf3 d5 3. Bf4 e6 4.
Nbd2 c5 5. c3 Qb6 6. Qb3 c4 7.
Qc2 Bd7 8. e4 dxe4 9. Nxc4 Qd8 10. Nfe5 Nc6 11. Qb3 Qc8 12. Be2 Be7 13. Nxc6 Bxc6 14.
Nd6+ Bxd6 15. Bxd6 Qd7 16. Ba3 Ba4 17. Qb4 a5 18.
Qc5 Nd5 19. c4 b6 20. Qd6 Nb4 21. Bxb4 axb4 22. Qxb4 Qxd4 23. O-O Qc5 24. Qc3 O-O 25.
b3 Bc6 26. a4 Rfd8 27. Rfd1 f5 28. h4 h6 29. h5 e5 30. b4 Qe7 31. b5 Bb7 32. a5 bxa5 33. c5 Bd5 34. Rxd5 Rxd5 35.
Bc4 Qxc5 36. Qb3 Rd8 37. Rd1 a4 38. Qa2 Kh8 39. Rxd5 Rxd5 40. Bxd5 Qxb5 41. Be6 f4 42. Qd2 Qe8 43. Qd6 a3 44. Bd5 e3 45. fxe3 fxe3 46.
Qxa3 e2 47. Kf2 e4 48. Qa8 Qxa8 49. Bxa8 Kg8 50. Bxe4 Kf7 51. Bg6+ Kf6 52. Kxe2 Kg5 53. Kf3 Kf6 54. Kf4 Ke6 55. g3 Kf6 56. Bf5 Kf7 57.
Ke5 Ke7 58. Bg6 Kf8 59. Ke6 Kg8 60. Ke7 Kh8 61. Be4 Kg8 62. g4 Kh8 63. Kf8 g5 64.
hxg6 h5 65. g7# 1-0

[Event "Late-Titled-Tuesday-Blitz-June-18-2024"]
[Site "Chess.com"]
[Date "2024.06.18"]
[Round "11"]
[White "Goryachkina"]
[Black "Zurability"]
[Result "1/2-1/2"]
[WhiteElo "2687"]
[BlackElo "2810"]
[TimeControl "180+1"]
[EndTime "16:07:40 PDT"]
[Termination "Game drawn by repetition"]

1. e4 c5 2. Nf3 d6 3. Bb5+ Bd7 4.
Bxd7+ Qxd7 5. O-O Nf6 6. Re1 e5 7. c3 Nc6 8. d4 Be7 9. d5 Nb8 10.
Nbd2 O-O 11. Nf1 Re8 12. Ng3 g6 13. a4 Qc8 14. b4 Nbd7 15. Be3 Bf8 16. h3 Qc7 17.
Rb1 Rec8 18. b5 a6 19. Nd2 axb5 20. Rxb5 Ra5 21. Qb3 Rxb5 22. Qxb5 Ra8 23. Nc4 Ra7 24. Rb1 h5 25. f3 Be7 26. Bg5 Bd8 27. Nf1 Ne8 28.
Bxd8 Qxd8 29. a5 Nc7 30. Qb2 Qf6 31. Nb6 Nf8 32. Nc8 Rxa5 33. Qxb7 Qd8 34. Nb6 Ra2 35. Nc4 Qg5 36. Rb2 Rxb2 37. Qxb2 Ne8 38. Qb8 Qe7 39. Nfe3 Nd7 40. Qc8 Kf8 41. Qb7 Ndf6 42. Qb8 Nd7 43. Qa8 Nf6 44. Na5 Qc7 45. Nec4 Nd7 46. Nc6 Nb6 47.
Nxb6 Qxb6 48. Qd8 Qxd8 49. Nxd8 Ke7 50. Nc6+ Kd7 51. Kf2 f5 52. Ke3 Nf6 53. Na5 h4 54. Nc4 Nh5 55. Kf2 Nf4 56. Ne3 fxe4 57. fxe4 Ke7 58.
Kf3 Nd3 59. Kg4 Nf2+ 60. Kf3 Nd3 61. Kg4 Nf2+ 62. Kf3 Nd3 1/2-1/2

[Event "Late-Titled-Tuesday-Blitz-June-18-2024"]
[Site "Chess.com"]
[Date "2024.06.18"]
[Round "11"]
[White "JanistanTV"]
[Black "micke12a"]
[Result "1/2-1/2"]
[WhiteElo "2731"]
[BlackElo "2421"]
[TimeControl "180+1"]
[EndTime "16:07:40 PDT"]
[Termination "Game drawn - insufficient material"]

1. d4 Nf6 2. c4 g6 3. Nc3 d5 4. Nf3 Bg7 5. Qa4+ Bd7 6. Qb3 dxc4 7. Qxc4 Be6 8. Qb5+ Bd7 9. Qxb7 Nc6 10. Qb3 Rb8 11.
Qd1 Bf5 12. a3 O-O 13. e3 e5 14. Be2 exd4 15. Nxd4 Nxd4 16. Qxd4 Qxd4 17. exd4 Rfd8 18. O-O Rxd4 19. Be3 Rdd8 20. Rfd1 a5 21. Rxd8+ Rxd8 22. Rd1 Rxd1+ 23. Nxd1 Nd5 24. Bd2 Bc2 25. Bxa5 Bxd1 26. Bxd1 Bxb2 27. a4 c5 28. Bb3 Nc3 29. Kf1 c4 30. Bxc3 Bxc3 31. Bxc4 Kg7 32. Ke2 Bd4 33. f3 f5 34. Kd3 Bg1 35. h3 Kf6 36. a5 Kg5 37. a6 Kh4 38. Bg8 Kg3 39. Bxh7 Kxg2 40. h4 Kxf3 41. Bxg6 Kg4 42. h5 Kg5 43. Ke2 f4 44. Kf3 Ba7 45. Ke4 Bb6 46. Be8 Ba7 47. Kf3 Bb6 48. Kg2 Ba7 49. Kf3 Bb6 50. Bg6 Ba7 51. Ke4 Bb6 52. Be8 Ba7 53. Kd5 f3 54. Bb5 Kxh5 55. Kc6 Kg4 56. Kb7 Be3 57. a7 Bxa7 58. Kxa7 f2 59. Kb7 Kg3 60. Bf1 Kf3 61. Kc6 Ke3 62. Kd5 Kd2 63. Ke4 Ke1 64. Bg2 f1=Q 65.
Bxf1 1/2-1/2

[Event "Late-Titled-Tuesday-Blitz-June-18-2024"]
[Site "Chess.com"]
[Date "2024.06.18"]
[Round "11"]
[White "tptagain"]
[Black "FairChess_on_YouTube"]
[Result "0-1"]
[WhiteElo "2943"]
[BlackElo "3091"]
[TimeControl "180+1"]
[EndTime "16:07:41 PDT"]
[Termination "FairChess_on_YouTube won on time"]

1. d4 f5 2. Nf3 Nf6 3. c4 g6 4. e3 Bg7 5. Be2 d6 6. b4 O-O 7. Bb2 Qe8 8. O-O Nbd7 9. Nc3 a6 10. c5 d5 11. Qb3 c6 12. a4 Kh8 13. b5 e5 14. Nxe5 Nxe5 15. dxe5 Qxe5 16. Rab1 f4 17. bxc6 bxc6 18. Nb5 Qb8 19. Bxf6 Bxf6 20. Nd4 Bd7 21. Qb7 Qe8 22. Rb3 Rd8 23. Bxa6 Ra8 24. h3 Bg7 25.
Ra1 f3 26. Bf1 fxg2 27. Bxg2 Qf7 28. Rb2 Be5 29. Qb4 Qf6 30. a5 Qg5 31. Kh1 Qh4 32. Nf3 Qxb4 33. Rxb4 Bxa1 34. Rb7 Bf5 35. Ng5 Bg7 36. Rc7 h6 37. Nf7+ Kg8 38. Nd6 Rxa5 39.
Rxc6 d4 40. Bd5+ Kh7 41. e4 Bxh3 42. Kh2 Bf1 43. Rc7 Rxf2+ 44. Kg3 Rf8 45. e5 Ra3+ 46. Kh2 Re3 47. e6 h5 48. e7 Rxe7 49. Rxe7 d3 50.
Ne4 Kh6 51. c6 Bf6 52. Rd7 Bd4 53. Ng3 Be5 54. c7 h4 55. Rd8 Bxg3+ 56. Kg1 d2 57. Rc8 d1=Q 0-1

[Event "Late-Titled-Tuesday-Blitz-June-18-2024"]
[Site "Chess.com"]
[Date "2024.06.18"]
[Round "11"]
[White "temus_galaktionov"]
[Black "slidingknight2775"]
[Result "1-0"]
[WhiteElo "2881"]
[BlackElo "2711"]
[TimeControl "180+1"]
[EndTime "16:07:43 PDT"]
[Termination "temus_galaktionov won by checkmate"]

1. d4 Nf6 2. Nf3 e6 3. c4 d5 4. Nc3 c6 5. e3 Nbd7 6. Qc2 Bd6 7. b3 O-O 8. Be2 e5 9. cxd5 cxd5 10. Nb5 Bb4+ 11.
Bd2 Bxd2+ 12. Nxd2 exd4 13. Nxd4 Ne5 14. h3 Bd7 15.
O-O Rc8 16. Qb2 Qe7 17. Rfc1 a6 18. Rxc8 Rxc8 19. Rc1 Rxc1+ 20. Qxc1 Nc6 21. N2f3 Qd6 22. Nxc6 Bxc6 23. Nd4 Bd7 24. Bf3 h5 25. Qc3 g6 26.
b4 Ne4 27. Bxe4 dxe4 28. a3 h4 29. Qc2 Qe5 30. a4 g5 31. a5 g4 32. hxg4 Bxg4 33. Qc5 Qxc5 34. bxc5 Bd7 35. Kh2 Kg7 36. f3 exf3 37.
gxf3 Kf6 38. f4 h3 39. Kg3 Ke7 40. e4 Kf6 41. Ne2 Bc6 42. Nc3 Bd7 43. Nd5+ Kg6 44.
Nc3 Kh5 45. Nd1 h2 46. Nf2 Bc6 47. Kxh2 Kh4 48. Kg2 f5 49. Kf3 Kh5 50. Ke3 fxe4 51. Nxe4 Kg6 52. Nd6 Kf6 53. Kd4 Ke6 54. Nc4 Kf5 55. Ke3 Bd5 56. Nb6 Bc6 57. Nc4 Ke6 58. Ne5 Kd5 59. Nxc6 Kxc6 60. Ke4 Kxc5 61. Ke5 Kc6 62. Ke6 b6 63. f5 bxa5 64. f6 a4 65. f7 a3 66. f8=Q a2 67. Qa3 Kb5 68. Qxa2 a5 69. Kd5 Kb4 70. Kd4 a4 71. Qb2+ Ka5 72. Kc5 Ka6 73. Qb6# 1-0

[Event "Late-Titled-Tuesday-Blitz-June-18-2024"]
[Site "Chess.com"]
[Date "2024.06.18"]
[Round "11"]
[White "katharinareinecke"]
[Black "Connectedcloud"]
[Result "0-1"]
[WhiteElo "2042"]
[BlackElo "2311"]
[TimeControl "180+1"]
[EndTime "16:07:50 PDT"]
[Termination "Connectedcloud won by checkmate"]

1. d4 Nf6 2. Nf3 g6 3. g3 Bg7 4. Bg2 O-O 5. O-O d6 6. c4 Nc6 7.
Nc3 a6 8. e4 Rb8 9. a3 e5 10.
d5 Ne7 11. b4 Nd7 12. Bb2 b5 13. Nd2 c6 14. dxc6 Nxc6 15. cxb5 axb5 16. Nb3 Nb6 17. Nd5 Nc4 18. Bc3 Be6 19. f4 Bxd5 20. Qxd5 Ne7 21. Qd3 Qb6+ 22. Kh1 Ne3 23. Rfe1 Nxg2 24. Kxg2 Rfd8 25.
Rad1 Rbc8 26. Na5 Nc6 27. Nxc6 Qxc6 28. fxe5 Qxc3 29. exd6 Qxd3 30. Rxd3 Rc6 31. e5 Kf8 32. e6 Rdxd6 33. Rxd6 Rxd6 34. exf7 Kxf7 35. Rc1 Rd2+ 36.
Kh3 Rd5 37. Rc7+ Kf6 38. Rc6+ Kg5 39. Rc7 Kh6 40. Rb7 Bb2 41. Ra7 Rd3 42. a4 Ra3 43. a5 Bc3 44. Rb7 Bxb4 45. Rxb5 Bxa5 46. Kg2 Ra2+ 47. Kh3 Bd8 48. Rd5 Bf6 49. Rd6 Bg5 50. Rd1 Be3 51. Re1 Bf2 52. Rf1 Kg5 53. Rd1 h5 54.
Rd5+ Kh6 55. Rd1 Be3 56. Re1 Ra3 57. Rd1 Ra6 58. Re1 Re6 59. Kg2 g5 60. Kf3 g4+ 61. Kg2 Kg5 62. h3 Re5 63. hxg4 hxg4 64. Re2 Bd4 65.
Rc2 Re3 66. Rd2 Be5 67. Rd5 Kf5 68. Rb5 Rxg3+ 69. Kf2 Rf3+ 70. Ke2 Rf4 71. Ke3 g3 72. Rb7 g2 73. Rb1 Rf1 74. Rxf1+ gxf1=Q 75. Kd2 Bf4+ 76. Kc3 Qc1+ 77. Kd4 Be3+ 78. Kd5 Qc5# 0-1

[Event "Late-Titled-Tuesday-Blitz-June-18-2024"]
[Site "Chess.com"]
[Date "2024.06.18"]
[Round "11"]
[White "ATM622"]
[Black "Korchmar_Vasiliy"]
[Result "1/2-1/2"]
[WhiteElo "2544"]
[BlackElo "2638"]
[TimeControl "180+1"]
[EndTime "16:07:51 PDT"]
[Termination "Game drawn by stalemate"]

1. d4 Nf6 2. c4 g6 3. g3 c6 4. Bg2 d5 5. Nd2 Bg7 6. Ngf3 O-O 7. O-O a5 8. b3 Bf5 9. Bb2 Nbd7 10. Ne5 a4 11. a3 axb3 12. Qxb3 Ra7 13. cxd5 cxd5 14.
Rfc1 e6 15. a4 Nxe5 16. dxe5 Nd7 17. f4 g5 18. Bd4 b6 19. e3 gxf4 20. exf4 f6 21. Re1 fxe5 22. fxe5 Nc5 23. Qb5 Ra5 24. Qc6 Qa8 25. Qxb6 Rb8 26. Qc7 Rc8 27. Qe7 Nd3 28. Rf1 Rf8 29. h3 Rxa4 30. g4 Rf7 31. Qd6 Bf8 32. Qb6 Bg6 33. Qxe6 Rxa1 34. Rxa1 Qb8 35. Bxd5 Nf4 36. Qb6 Qc8 37. Qc6 Qb8 38. Bxf7+ Bxf7 39. Rf1 Nxh3+ 40. Kg2 Ng5 41. Qc2 Qd8 42. Nf3 Bd5 43. Qe2 Nxf3 44. Rxf3 Bxf3+ 45. Qxf3 Qxd4 46. Qf5 Qd2+ 47. Kh3 Qh6+ 48. Kg2 Qg6 49. Qf3 Qc2+ 50. Kh3 Qg6 51.
Qd5+ Qf7 52. e6 Qe7 53. g5 Bg7 54. Kg4 Bf8 55. Kf5 Qc5 56. Qxc5 Bxc5 57. g6 h6 58. e7 Bxe7 59. g7 Kh7 60. Kg4 Kxg7 61. Kh3 Kg6 62. Kg2 h5 63. Kh1 Kg5 64. Kg1 Kg4 65. Kh1 h4 66.
Kg1 h3 67. Kh1 Kg3 68. Kg1 h2+ 69. Kh1 Kh3 1/2-1/2

[Event "Late-Titled-Tuesday-Blitz-June-18-2024"]
[Site "Chess.com"]
[Date "2024.06.18"]
[Round "11"]
[White "legendisback1"]
[Black "KaydenTroffChess"]
[Result "0-1"]
[WhiteElo "2995"]
[BlackElo "2833"]
[TimeControl "180+1"]
[EndTime "16:07:53 PDT"]
[Termination "KaydenTroffChess won by checkmate"]

1. Nf3 Nf6 2. b3 g6 3. Bb2 Bg7 4. g3 O-O 5. Bg2 d6 6. d4 c6 7. O-O Nbd7 8. c4 Qc7 9. Nc3 e5 10.
e4 Re8 11. Rc1 b6 12. Re1 Bb7 13. Qc2 Rad8 14. Rcd1 a6 15. a4 Qb8 16. Ba3 Bf8 17. Rd2 exd4 18. Nxd4 d5 19. Bxf8 Nxf8 20. cxd5 cxd5 21.
Ree2 dxe4 22. Nxe4 Nxe4 23. Bxe4 Bxe4 24. Rxe4 Qb7 25.
Qc6 Qxc6 26. Nxc6 Rxd2 27. Rxe8 Kg7 28. Ra8 Rd6 29. Ne5 Rd5 30. f4 Nd7 31. Nxd7 Rxd7 32. Rxa6 b5 33. axb5 Rd5 34. b4 Rxb5 35. Ra4 Rb8 36. Kf2 h5 37. Ke3 Kf6 38. Kd4 Kf5 39.
h3 h4 40. gxh4 Kxf4 41. Kc5 Kg3 42. b5 f5 43. b6 f4 44. Kc6 f3 45. b7 f2 46.
Rg4+ Kxh3 47. Rf4 Kg2 48. Kc7 Rxb7+ 49. Kxb7 f1=Q 50. Rxf1 Kxf1 51. Kc6 Kg2 52. Kd5 Kg3 53. Ke4 Kxh4 54. Kf3 Kh3 55. Kf2 g5 56. Kg1 Kg3 57.
Kh1 Kf2 58. Kh2 Kf3 59. Kh1 g4 60. Kh2 Kf2 61. Kh1 Kg3 62. Kg1 Kh3 63. Kh1 g3 64. Kg1 g2 65. Kf2 Kh2 66. Kf3 g1=Q 67. Ke4 Qg3 68. Kf5 Kg2 69. Ke6 Qf4 70. Kd7 Kf3 71. Ke7 Ke4 72. Kd8 Qf6+ 73. Kc8 Qg7 74. Kb8 Kd5 75.
Ka8 Kc6 76. Kb8 Qb7# 0-1

[Event "Late-Titled-Tuesday-Blitz-June-18-2024"]
[Site "Chess.com"]
[Date "2024.06.18"]
[Round "11"]
[White "A4RookA3"]
[Black "egnfanclub"]
[Result "1/2-1/2"]
[WhiteElo "2443"]
[BlackElo "2354"]
[TimeControl "180+1"]
[EndTime "16:07:56 PDT"]
[Termination "Game drawn by repetition"]

1. d4 d5 2. Bf4 Nf6 3. e3 Bf5 4. c4 Bxb1 5. Rxb1 e5 6. dxe5 Bb4+ 7. Ke2 Ne4 8. Qxd5 Qxd5 9. cxd5 g5 10. Bg3 h5 11. h4 Nxg3+ 12. fxg3 g4 13. Kd3 Nd7 14. Ke4 O-O-O 15. Bb5 Rhe8 16. Bxd7+ Rxd7 17. a3 Bd6 18. Ne2 Rxe5+ 19. Kd3 Rde7 20. Nc3 Rxe3+ 21. Kd2 Rxg3 22. Rhg1 Bc5 23. Rgf1 Rxg2+ 24. Kd3 Rg3+ 25.
Kc4 Bd6 26. Rf5 a6 27. Rxh5 b5+ 28. Kb3 Rh3 29. Rh8+ Kb7 30. Rg1 g3 31. h5 Re5 32.
h6 Reh5 33. Ne4 Rxh6 34. Nxd6+ cxd6 35. Rxh6 Rxh6 36. Rxg3 Rh5 37. Rf3 Rxd5 38. Rxf7+ Kc6 39. Kc3 a5 40. b4 a4 41. Rf3 Rh5 42. Rg3 Rh4 43.
Kd3 Rh2 44. Kd4 Rb2 45. Rg8 Rb3 46.
Rc8+ Kb7 47. Rd8 Rxa3 48. Rxd6 Rb3 49. Kc5 a3 50. Kxb5 a2 51. Rb6+ Kc7 52. Ra6 Rb2 53. Ra3 Kb7 54. Ra5 Kc7 55. Ra7+ Kb8 56. Ra3 Rh2 57.
Ra4 Kb7 58. Ra3 Rh5+ 59. Kc4 Rh2 60. Kb3 Kb6 61. Rxa2 Rh3+ 62. Kb2 Rh2+ 63. Kb1 Rxa2 64. Kxa2 Kb5 65. Kb3 Kb6 66. Kc4 Kc6 67. Kc3 Kb5 68. Kb3 Kb6 69. Ka3 Kb5 70. Kb3 1/2-1/2

[Event "Late-Titled-Tuesday-Blitz-June-18-2024"]
[Site "Chess.com"]
[Date "2024.06.18"]
[Round "11"]
[White "HalfIsCrayfish"]
[Black "arctic_t00"]
[Result "1/2-1/2"]
[WhiteElo "2583"]
[BlackElo "2704"]
[TimeControl "180+1"]
[EndTime "16:08:02 PDT"]
[Termination "Game drawn by repetition"]

1. d4 Nf6 2. c4 e6 3. Nc3 Bb4 4. Nf3 d5 5. Bg5 h6 6. Bxf6 Qxf6 7. Qb3 c5 8. e3 O-O 9. cxd5 exd5 10. Be2 Nc6 11. O-O Bxc3 12. Qxc3 c4 13. Ne5 Ne7 14. b3 cxb3 15. Qxb3 Qd6 16. Rfc1 a5 17. Rab1 Bf5 18. Bd3 Bxd3 19. Nxd3 Rfb8 20. Qb6 Qa3 21. Qc5 Qxd3 22. Qxe7 b5 23. h3 b4 24. Rb2 Qa3 25. Rc7 Rf8 26. Rbc2 a4 27. Qc5 Rab8 28. Ra7 Rbc8 29.
Qxc8 Rxc8 30. Rxc8+ Kh7 31. Rb8 b3 32. axb3 Qc1+ 33.
Kh2 a3 34. Rba8 Qb2 35. Kg3 Qxb3 36. Rxa3 Qd1 37. Ra2 Qd3 38. Kh2 h5 39. R8a3 Qf5 40. g3 h4 41. g4 Qf3 42. Rd2 f5 43. gxf5 Qxf5 44. Raa2 Qf3 45. Rac2 Qe4 46. Rc7 Qf3 47. Rdc2 Qf5 48. Rb2 Qf3 49. Re7 Qf6 50. Re5 Kh6 51. Rd2 Qf3 52. Rc2 g6 53. Rb2 Qd1 54. Rxd5 Qc1 55.
Rdb5 Qf1 56. d5 Qd3 57. R5b3 Qd1 58. Rb5 Qd3 59. Kg2 Qe4+ 60. Kg1 Qf3 61. Kh2 Qd1 62.
R5b4 Qd3 63. Rxh4+ Kg7 64. Rd4 Qf1 65. d6 Qc1 66. d7 Qxb2 67. d8=Q Qxf2+ 68. Kh1 Qf1+ 69. Kh2 Qf2+ 70. Kh1 Qf1+ 71. Kh2 Qf2+ 1/2-1/2

[Event "Late-Titled-Tuesday-Blitz-June-18-2024"]
[Site "Chess.com"]
[Date "2024.06.18"]
[Round "11"]
[White "GothamChess"]
[Black "BerlinDrawer"]
[Result "1/2-1/2"]
[WhiteElo "2713"]
[BlackElo "2598"]
[TimeControl "180+1"]
[EndTime "16:08:05 PDT"]
[Termination "Game drawn by agreement"]

1. e4 c6 2. Nf3 d5 3. Nc3 Bg4 4. h3 Bxf3 5. Qxf3 e6 6. Be2 Nd7 7. d4 dxe4 8. Nxe4 Ngf6 9. c3 Nxe4 10. Qxe4 Nf6 11. Qf3 Be7 12. O-O O-O 13. Re1 Qd5 14. Qg3 Bd6 15. Qh4 Qe4 16. Qg5 Qg6 17. Qh4 Qe4 18. Qg5 Qg6 19. Qe3 Nd5 20. Qf3 Qf6 21. a3 Nf4 22. Bf1 Ng6 23. Qxf6 gxf6 24. g3 Kg7 25. h4 h6 26. Be3 Rfe8 27. Bd3 f5 28.
Bd2 a6 29. Kg2 Rad8 30. a4 c5 31. Be3 cxd4 32. Bxd4+ Kh7 33. Bb6 Rc8 34. Rad1 Bc5 35. Bxc5 Rxc5 36. Bc2 Rc7 37. Bxf5 Kg7 38. Bxg6 Kxg6 39.
Re4 f5 40. Rb4 Ree7 41. Rd6 Kf6 42. Rdb6 Kf7 43. Kf3 Red7 44. Ke2 Kf6 45. f3 Ke5 46. g4 Kf6 47. gxf5 Kxf5 48. Re4 Re7 49. Rd6 Rcd7 50. Rb6 Rc7 51. Kd3 Rcd7+ 52. Kc2 Rc7 53. b4 Rcd7 54. a5 Rc7 55. b5 axb5 56. Rxb5+ e5 57. Rb6 Rc6 58.
Rxc6 bxc6 59. Kb3 Ra7 60. Ra4 Ra6 61. Kc4 Kf4 62. h5 Kxf3 63. Kd3 e4+ 64. Rxe4 Rxa5 65. Re6 Rd5+ 66. Kc4 Rxh5 67. Rxc6 Rh4+ 68. Kd5 h5 69. Rf6+ Rf4 70. Rh6 h4 71. c4 Kg3 72. c5 Rf5+ 73. Kd6 h3 74. c6 Rf8 1/2-1/2

[Event "Late-Titled-Tuesday-Blitz-June-18-2024"]
[Site "Chess.com"]
[Date "2024.06.18"]
[Round "11"]
[White "ritanovikova"]
[Black "CoachVadim"]
[Result "0-1"]
[WhiteElo "2210"]
[BlackElo "2371"]
[TimeControl "180+1"]
[EndTime "16:08:05 PDT"]
[Termination "CoachVadim won on time"]

1. e4 c5 2. Nc3 Nc6 3. d3 g6 4.
Be3 d6 5. Qd2 Bg7 6. g3 Rb8 7.
Bg2 b5 8. h4 b4 9. Nd1 h5 10. Ne2 Nf6 11. f3 a5 12. d4 cxd4 13. Nxd4 Ne5 14. b3 Bd7 15. c4 bxc3 16. Nxc3 Nc6 17.
O-O O-O 18. Rac1 Nxd4 19. Bxd4 Rb4 20. Ne2 Nxe4 21. fxe4 Bxd4+ 22. Nxd4 Qb6 23. Rcd1 e5 24. a3 Rxb3 25. Kh2 exd4 26. Qxd4 Qxd4 27. Rxd4 Rxa3 28.
Rxd6 Be6 29. Rf2 Rc8 30. Bh3 Bxh3 31. Kxh3 Rcc3 32. Rg2 Re3 33. Rd4 Kg7 34. Kh2 Kf6 35. Rc4 Ke5 36. Rc7 Ke6 37. Rc6+ Kd7 38. Rc4 a4 39. Rd2+ Ke6 40. Rd5 Rxe4 41. Rxe4+ Kxd5 42.
Rf4 f5 43. Rb4 Ra2+ 44. Kg1 a3 45. Rb8 Rb2 46. Rd8+ Ke4 47. Re8+ Kf3 48. Ra8 a2 49. Ra3+ Kg4 50. Ra4+ Kxg3 51. Ra3+ Kxh4 52. Ra4+ Kg5 53. Ra5 Rb1+ 54. Kh2 a1=Q 55. Rd5 Qb2+ 56. Kg3 Rg1+ 57. Kf3 Qg2+ 58. Ke3 Qxd5 59. Kf2 Rd1 60. Ke2 Qd3+ 61.
Kf2 Rd2+ 0-1

[Event "Late-Titled-Tuesday-Blitz-June-18-2024"]
[Site "Chess.com"]
[Date "2024.06.18"]
[Round "11"]
[White "Mikhal867"]
[Black "malakismayil"]
[Result "0-1"]
[WhiteElo "2447"]
[BlackElo "2553"]
[TimeControl "180+1"]
[EndTime "16:08:06 PDT"]
[Termination "malakismayil won on time"]

1. c4 e5 2. Nc3 Nf6 3. g3 d5 4. cxd5 Nxd5 5. Bg2 Nxc3 6. bxc3 c6 7. Rb1 Bc5 8. Qc2 O-O 9. Nf3 Nd7 10. d4 Bd6 11. O-O h6 12. Rd1 Qc7 13. Nh4 Nf6 14.
Nf5 Bxf5 15. Qxf5 Rfe8 16. Bxh6 exd4 17. Qg5 Bf8 18. Rxd4 Rxe2 19. Qf5 Rae8 20. Bf3 R2e5 21. Qf4 Qa5 22. Rxb7 Rf5 23. Ra4 Rxf4 24. Rxa5 Rxf3 25. Be3 Nd5 26. Bxa7 Rxc3 27. Bd4 Rc4 28. Ba7 g5 29. Ra6 g4 30. Kg2 Kg7 31. h3 gxh3+ 32. Kxh3 Re2 33.
Rb8 Bd6 34. Rc8 Ne7 35. Re8 Re6 36. Be3 Bc5 37. Bxc5 Rxc5 38. Kg2 Rc2 39. Ra4 Ree2 40. Rg4+ Ng6 41. Rxe2 Rxe2 42. Ra4 c5 43. Rc4 Rxa2 44.
Rxc5 Rd2 45. Rb5 Rd6 46. Rc5 Rf6 47. Rc2 Nf8 48. Rd2 Ne6 49. Re2 Rg6 50. Rd2 Nf4+ 51.
Kf3 Ne6 52. Kg2 Kf6 53. Kf3 Kf5 54. Rd5+ Kf6 55. Ra5 Rh6 56. Kg2 Rh8 57. Ra6 Rd8 58. Ra5 Rd2 59. Kf3 Rb2 60. Ke3 Ng5 61. Ra6+ Kg7 62.
Ra5 f6 63. f4 Rb3+ 64. Kd4 Ne6+ 65. Kd5 Nf8 66. g4 Rb4 67. g5 Rxf4 68. gxf6+ Rxf6 0-1

[Event "Late-Titled-Tuesday-Blitz-June-18-2024"]
[Site "Chess.com"]
[Date "2024.06.18"]
[Round "11"]
[White "santosalberto1987"]
[Black "lamomiajunior"]
[Result "1/2-1/2"]
[WhiteElo "2574"]
[BlackElo "2682"]
[TimeControl "180+1"]
[EndTime "16:08:07 PDT"]
[Termination "Game drawn by repetition"]

1. e4 g6 2. d4 Bg7 3. Nc3 c6 4.
Nf3 d6 5. Be3 Nd7 6. Qd2 b5 7.
Bd3 a6 8. h4 h5 9. O-O-O Ngf6 10.
e5 Ng4 11. e6 Nf8 12. exf7+ Kxf7 13. Ng5+ Kg8 14. Rhe1 Bf6 15. Nce4 Kg7 16. f3 Nxe3 17. Qxe3 Ra7 18. Nxf6 exf6 19. Ne4 Bf5 20. Qf4 Bxe4 21. Rxe4 d5 22. Re2 Qc7 23. Qxc7+ Rxc7 24. Rde1 Kf7 25. Re8 a5 26. Ra8 a4 27. Ree8 g5 28. hxg5 fxg5 29. Bf5 Re7 30. Rec8 Kg7 31. Rxc6 g4 32. Rcc8 gxf3 33.
gxf3 h4 34. Bh3 Ng6 35. Rxh8 Nxh8 36. Kd2 Ng6 37. Bg4 Nf4 38. Rb8 Re2+ 39. Kd1 Rg2 40. Bd7 h3 41. Bxh3 Nxh3 42. Rxb5 Nf4 43. Ra5 Kf6 44.
Rxa4 Kf5 45. Ra8 Rg1+ 46. Kd2 Rg2+ 47. Kc3 Ne2+ 48. Kd3 Nc1+ 49. Kc3 Ne2+ 50. Kd3 Nf4+ 51. Kc3 Rf2 52. a4 Rxf3+ 53. Kb4 Ke4 54. c3 Nd3+ 55.
Ka3 Rf2 56. Rb8 Rf1 57. b4 Ra1+ 58. Kb3 Ke3 59. b5 Kd2 60. b6 Rb1+ 61. Ka2 Rb2+ 62.
Ka3 Kxc3 63. Rc8+ Kxd4 64. a5 Rb1 65. Ka4 Nc5+ 66. Ka3 Ra1+ 67. Kb4 Rb1+ 68. Ka3 Na6 69. Ra8 Nc5 70. Rc8 1/2-1/2